 Dungeon Crawl Stone Soup version 0.31-a0-40-g1d5085d191 (webtiles) character file.

Game seed: 9327442578867955581

15266 pk666 the Thaumaturge (level 11, -10/54 HPs)
             Began as a Deep Elf Fire Elementalist on May 18, 2023.
             Was an Elder of Vehumet.
             Mangled by a catoblepas (13 damage)
             ... on level 2 of the Lair of Beasts.
             The game lasted 00:43:56 (12195 turns).

pk666 the Thaumaturge (Deep Elf Fire Elementalist) Turns: 12195, Time: 00:43:57

Health: -10/54     AC:  7    Str:  5    XL:     11   Next: 99%
Magic:  8/29       EV: 17    Int: 31    God:    Vehumet [****..]
Gold:   702        SH:  0    Dex: 12    Spells: 17/35 levels left

rFire   + . .        A - staff of fire
rCold   + . .        (no shield)
rNeg    . . .        a - +2 robe {rC+}
rPois   +            (no helmet)
rElec   +            r - +0 cloak {Will+}
rCorr   +            m - +0 pair of gloves
SInv    +            C - +0 pair of boots
Will    ++...        e - amulet of magic regeneration
Stlth   ++           f - ring of see invisible
HPRegen 0.29/turn    z - ring "Rengang" {rElec rPois rCorr Int+6 Dex-3}
MPRegen 0.61/turn

%: no passive effects
@: on blink cooldown
A: no striking features
a: Renounce Religion


You were on level 2 of the Lair of Beasts.
You worshipped Vehumet.
Vehumet was greatly pleased with you.
You visited 3 branches of the dungeon, and saw 15 of its levels.
You also visited: Ossuary.

You collected 842 gold pieces.
You spent 140 gold pieces at shops.

Inventory:

Hand Weapons
 M - the +6 morningstar "Quryupt" {holy, Int+4 SInv}
   (You found it on level 1 of the Lair of Beasts)

   Int:       It affects your intelligence (+4).
   SInv:      It lets you see invisible.
Armour
 a - a +2 robe of cold resistance (worn)
 m - a +0 pair of gloves (worn)
 r - a +0 cloak of willpower (worn)
 C - a +0 pair of boots (worn)
Magical Staves
 A - a staff of fire (weapon)
 H - a staff of conjuration
Jewellery
 e - an amulet of magic regeneration (around neck)
 f - a ring of see invisible (left hand)
 i - an amulet of guardian spirit
 j - a ring of ice
 z - the ring "Rengang" (right hand) {rElec rPois rCorr Int+6 Dex-3}
   (You bought it in a shop on level 4 of the Dungeon)

   [ring of resist corrosion]

   Int:       It affects your intelligence (+6).
   Dex:       It affects your dexterity (-3).
   rElec:     It insulates you from electricity.
   rPois:     It protects you from poison.
   rCorr:     It protects you from acid and corrosion.
 K - a ring of poison resistance
 O - a ring of protection from fire
Wands
 n - a wand of digging (8)
 I - a wand of flame (8)
 L - a wand of charming (5)
Scrolls
 d - 2 scrolls of enchant weapon {unknown}
 g - a scroll of brand weapon {unknown}
 k - 4 scrolls of magic mapping
 l - 7 scrolls of teleportation
 o - 3 scrolls of fog
 p - 2 scrolls of silence {unknown}
 t - 2 scrolls of poison {unknown}
 u - 2 scrolls of noise {unknown}
 x - 2 scrolls of butterflies {unknown}
 y - a scroll of amnesia {unknown}
 F - a scroll of fear {unknown}
 G - 2 scrolls of vulnerability {unknown}
 N - a scroll of blinking {unknown}
Potions
 b - a potion of magic
 c - 5 potions of cancellation
 h - 2 potions of brilliance {unknown}
 q - 13 potions of curing
 s - a potion of might {unknown}
 v - 3 potions of resistance
 w - 5 potions of lignification
 B - 6 potions of flight
 D - 2 potions of attraction
 E - 2 potions of haste {unknown}
 J - 2 potions of invisibility {unknown}


   Skills:
 + Level 11.8 Dodging
 - Level 2.4 Stealth
 + Level 12.8 Spellcasting
 + Level 10.6 Conjurations
 + Level 11.1 Fire Magic
 - Level 4.0 Ice Magic


You had 17 spell levels left.
You knew the following spells:

 Your Spells              Type           Power      Damage    Failure   Level
a - Foxfire               Conj/Fire      100%       2x1d9     1%          1
b - Scorch                Fire           100%       2d9       1%          2
c - Flame Wave            Conj/Fire      92%        2d19      1%          4
d - Frozen Ramparts       Ice            88%        1d14      1%          3
e - Mephitic Cloud        Conj/Pois/Air  41%        N/A       1%          3
f - Ignite Poison         Fire/Tmut/Pois 59%        N/A       1%          3
i - Blink                 Tloc           38%        N/A       3%          2

Your spell library contained the following spells:

 Spells                   Type           Power      Damage    Failure   Level
 Freeze                   Ice            100%       1d10      1%          1
 Shock                    Conj/Air       100%       1d9       1%          1
 Momentum Strike          Conj/Tloc      100%       3d10      1%          2
 Dazzling Flash           Conj/Hex       100%       N/A       1%          3
 Hailstorm                Conj/Ice       60%        3d13      1%          3
 Inner Flame              Hex/Fire       69%        N/A       1%          3
 Volatile Blastmotes      Fire/Tloc      100%       2d18      1%          3
 Apportation              Tloc           38%        N/A       2%          1
 Necrotise                Necr           76%        1d7       2%          1
 Slow                     Hex            76%        N/A       2%          1
 Summon Small Mammal      Summ           76%        N/A       2%          1
 Lesser Beckoning         Tloc           38%        N/A       3%          2
 Sublimation of Blood     Necr           19%        N/A       3%          2
 Wereblood                Tmut           19%        N/A       3%          2
 Airstrike                Air            9%         2d(2-18)  7%          4
 Confusing Touch          Hex            19%        N/A       8%          3
 Swiftness                Air            19%        N/A       8%          3
 Vampiric Draining        Necr           19%        2d7       8%          3
 Lee's Rapid Deconstruct  Erth           9%         3d7*      17%         5
 Leda's Liquefaction      Hex/Erth       9%         N/A       24%         4
 Agony                    Necr           19%        N/A       56%         5
 Silence                  Hex/Air        9%         N/A       56%         5
 Statue Form              Tmut/Erth      12%        N/A       98%         6
 Summon Hydra             Summ           9%         N/A       100%        7
 Borgnjor's Revivificati  Necr           9%         N/A       100%        8
 Necromutation            Tmut/Necr      9%         N/A       100%        8
 Death's Door             Necr           9%         N/A       100%        9


Dungeon Overview and Level Annotations

Branches:
Dungeon (12/15)            Temple (1/1) D:4            Lair (2/5) D:11
    Orc (0/2) D:9         Ossuary (visited)
  Swamp: Lair:2-3    Shoals: Lair:2-3     Snake: Lair:2-3    Spider: Lair:2-3

Altars:
Ashenzari
Cheibriados
Dithmenos
Elyvilon
Fedhas
Gozag
Hepliaklqana
Kikubaaqudgha
Makhleb
Nemelex Xobeh
Okawaru
Qazlal
Ru
Sif Muna
Trog
Uskayaw
Vehumet
Wu Jian
Xom
Yredelemnul
Zin
The Shining One

Shops:
D:4 *((   D:10 [

Annotations:
D:3 1 runed translucent door, Crazy Yiuf
D:9 1 runed translucent door, alfthe's ghost, novice DrFi
D:10 exclusion: centaur warrior


Message History

The flame wave engulfs the catoblepas!
The catoblepas is heavily wounded. (Press . to intensify the flame waves.)
The catoblepas gores you.
A wave of flame ripples out!
The flame wave engulfs the catoblepas!
The catoblepas is severely wounded.
You hear a bellow! x2
The catoblepas barely misses you.
A wave of flame ripples out!
The flame wave engulfs the catoblepas.
The catoblepas is severely wounded.
You hear a bellow! x2
The catoblepas gores you!!
* * * LOW HITPOINT WARNING * * *
Press: ? - help, v - describe, . - travel, g - get item
Here: a catoblepas (calcifying dust, severely wounded) Item here: a staff of poison.
The floor, spattered with blood.
Okay, then.
Casting: Flame Wave (safe; 1% risk of failure)
Confirm with . or Enter, or press ? or * to list all spells.
You blink.
Casting: Blink (safe; 3% risk of failure)
Confirm with . or Enter, or press ? or * to list all spells.
Casting: Flame Wave (safe; 1% risk of failure)
Press: ? - help, Dir - look around, f - activate You feel a surge of power!
A wave of flame ripples out!
The flame wave engulfs the yak!
You kill the yak!
Vehumet accepts your kill.
You feel your power returning. (Press . to intensify the flame waves.)
The catoblepas breathes a plume of calcifying dust at you.
The blast of calcifying dust hits you!
* * * LOW HITPOINT WARNING * * *
The catoblepas breathes a plume of calcifying dust at you.
The blast of calcifying dust hits you.
* * * LOW HITPOINT WARNING * * *
The catoblepas attacks as you move away!
The catoblepas gores you!
You die...

#P..........# ##
##..........+..#
#..........#..##
#.>...........P#
.#....<.....#..##
.............#
..+
.............#
#P.
##..<....>...# .
######+@.#§.#
#§Y#|### #§§.##
#..†..# #.##Y...#
... .....# .....
.....#
#............
#............


You could see a catoblepas and a yak.

Vanquished Creatures
  2 two-headed ogres (D:10)
  A boulder beetle (D:12)
  A deep elf pyromancer (D:12)
  A gargoyle (D:12)
  Maggie (D:8)
  A cane toad (Lair:1)
  Psyche (D:8)
  3 kobold demonologists (D:11)
  A rime drake (Lair:1)
  An unseen horror (D:11)
  2 ice devils (D:11)
  2 hornets
  4 trolls
  A shadow (D:12)
  18 yaks
  2 wraiths
  A steam dragon (D:8)
  2 vampire mosquitoes (D:11)
  2 water moccasins (Lair:1)
  An acid dragon (D:12)
  A black bear (D:4)
  5 ice beasts
  2 sky beasts
  4 orc warriors
  2 ogres
  6 wolves (Lair:1)
  4 centaurs
  3 phantoms
  4 kobold brigands
  3 bullfrogs
  2 scorpions
  16 wights
  15 killer bees
  2 howler monkeys
  A jelly (D:7)
  A gnoll bouda (D:8)
  A hound (D:4)
  5 orc priests
  Jessica (D:3)
  5 orc wizards
  2 sleepcaps
  An iguana (D:5)
  8 mummies (Ossuary)
  3 adders
  9 gnolls
  4 river rats (D:11)
  2 worms (D:2)
  3 dart slugs
  34 orcs
  9 endoplasms
  A giant cockroach (D:1)
  15 hobgoblins
  24 kobolds
  7 quokkas
  5 ball pythons
  3 bats
  A frilled lizard (D:3)
  4 gnoll zombies
  7 goblins
  A goblin zombie (D:4)
  3 hobgoblin zombies (Ossuary)
  2 orc zombies (Ossuary)
  10 rats
  A butterfly (D:8)
290 creatures vanquished.

Vanquished Creatures (collateral kills)
  4 foxfires
4 creatures vanquished.

Vanquished Creatures (others)
  A kobold (D:8)
  539 foxfires
540 creatures vanquished.

Grand Total: 834 creatures vanquished

Notes
Turn   | Place    | Note
-------+----------+-------------------------------------------
     0 | D:1      | pk666 the Deep Elf Fire Elementalist began the quest for
                  | the Orb.
     0 | D:1      | Reached XP level 1. HP: 10/10 MP: 6/6
   144 | D:1      | Found a faded altar of an unknown god.
   176 | D:1      | Reached XP level 2. HP: 10/15 MP: 4/8
   683 | D:1      | Reached XP level 3. HP: 18/19 MP: 10/10
   686 | D:1      | Learned a level 2 spell: Scorch
  1650 | D:3      | Reached XP level 4. HP: 24/24 MP: 11/11
  1695 | D:3      | Reached skill level 4 in Spellcasting
  1923 | D:3      | Noticed Jessica
  1928 | D:3      | Killed Jessica
  2205 | D:3      | Found a runed translucent door.
  2206 | D:3      | Noticed Crazy Yiuf
  2525 | D:4      | Reached XP level 5. HP: 28/28 MP: 11/13
  2542 | D:4      | Found a sand-covered staircase.
  2560 | Ossuary  | Entered an ossuary
  2713 | Ossuary  | Reached skill level 5 in Spellcasting
  2713 | Ossuary  | Reached XP level 6. HP: 32/32 MP: 12/15
  2723 | Ossuary  | Learned a level 4 spell: Flame Wave
  2824 | D:4      | Found Xiheus's Assorted Antiques.
  2826 | D:4      | Found Nug Xipp's Antique Weapon Shoppe.
  2830 | D:4      | Found Hemaekhla's Antique Weapon Shoppe.
  3089 | D:4      | Found a staircase to the Ecumenical Temple.
  3437 | D:4      | Found a sparkling altar of Nemelex Xobeh.
  3476 | Temple   | Entered the Ecumenical Temple
  3515 | Temple   | Became a worshipper of Vehumet
  3740 | D:4      | Reached skill level 5 in Fire Magic
  3741 | D:4      | Bought a warped tin ring for 140 gold pieces
  3741 | D:4      | Identified the ring "Rengang" {rElec rPois rCorr Int+6
                  | Dex-3} (You bought it in a shop on level 4 of the Dungeon)
  3799 | D:5      | Entered Level 5 of the Dungeon
  3981 | D:5      | Reached skill level 5 in Dodging
  3981 | D:5      | Reached XP level 7. HP: 3/36 MP: 9/17
  4134 | D:5      | Reached skill level 6 in Spellcasting
  4695 | D:5      | Found a broken altar of Ashenzari.
  4899 | D:6      | Reached skill level 5 in Conjurations
  4899 | D:6      | Reached XP level 8. HP: 41/41 MP: 15/20
  4949 | D:6      | Reached skill level 7 in Spellcasting
  5078 | D:6      | Found a white marble altar of Elyvilon.
  5183 | D:6      | Learned a level 2 spell: Blink
  5227 | D:6      | Reached skill level 8 in Spellcasting
  5523 | D:7      | Reached XP level 9. HP: 45/45 MP: 17/23
  5527 | D:7      | Reached * piety under Vehumet
  5527 | D:7      | Offered knowledge of Magic Dart by Vehumet.
  6238 | D:7      | Reached skill level 9 in Spellcasting
  6548 | D:8      | Offered knowledge of Searing Ray by Vehumet.
  6646 | D:8      | Reached ** piety under Vehumet
  6693 | D:8      | Noticed Maggie
  6746 | D:8      | Killed Maggie
  6795 | D:8      | Identified the +1 leather armour of the Iron City of Dis
                  | {Rampage}
  6952 | D:8      | Learned a level 3 spell: Frozen Ramparts
  6998 | D:8      | Noticed Psyche
  7004 | D:8      | Killed Psyche
  7005 | D:8      | Reached skill level 10 in Spellcasting
  7005 | D:8      | Reached skill level 1 in Ice Magic
  7005 | D:8      | Reached XP level 10. HP: 37/50 MP: 19/26
  7437 | D:9      | Found a runed translucent door.
  7440 | D:9      | Noticed alfthe's ghost (novice DrFi)
  7520 | D:9      | Identified the +5 hand axe "Impbane" {drain, *Noise Str+5
                  | Int+3}
  7555 | D:9      | Found a staircase to the Orcish Mines.
  7842 | D:9      | Found a snail-covered altar of Cheibriados.
  7842 | D:9      | Found an opulent altar of Gozag.
  7845 | D:9      | Found a glowing golden altar of the Shining One.
  7957 | D:9      | Found a sacrificial altar of Ru.
  8387 | D:10     | Entered Level 10 of the Dungeon
  8398 | D:10     | Noticed a two-headed ogre
  8707 | D:10     | Offered knowledge of Stone Arrow by Vehumet.
  8808 | D:10     | Noticed a two-headed ogre
  8831 | D:10     | Killed a two-headed ogre
  8897 | D:10     | Reached skill level 10 in Dodging
  9027 | D:10     | Killed a two-headed ogre
  9028 | D:10     | Reached skill level 11 in Spellcasting
  9223 | D:10     | Found Qados's Specialty Armours.
  9223 | D:10     | Noticed a centaur warrior
  9255 | D:10     | Noticed a gargoyle
  9404 | D:11     | Reached *** piety under Vehumet
  9405 | D:11     | Reached XP level 11. HP: 40/54 MP: 19/28
  9413 | D:11     | Noticed a sun demon
  9598 | D:11     | Noticed a sea snake
  9764 | D:11     | Found a staircase to the Lair.
  9857 | D:11     | Reached skill level 10 in Fire Magic
  9868 | D:11     | Offered knowledge of Mephitic Cloud by Vehumet.
  9891 | D:11     | Learned a level 3 spell: Mephitic Cloud
 10298 | D:11     | Reached skill level 12 in Spellcasting
 10427 | D:11     | Noticed a death yak
 10438 | D:11     | Noticed a death yak
 10438 | D:11     | Noticed a death yak
 10440 | D:11     | HP: 1/54 [death yak (26)]
 10626 | D:12     | Noticed a boulder beetle
 10627 | D:12     | Reached skill level 10 in Conjurations
 10668 | D:12     | Killed a boulder beetle
 10829 | D:12     | Noticed a deep elf pyromancer
 10873 | D:12     | Killed a deep elf pyromancer
 11395 | Lair:1   | Entered Level 1 of the Lair of Beasts
 11501 | Lair:1   | Reached **** piety under Vehumet
 11646 | Lair:1   | Offered knowledge of Ignite Poison by Vehumet.
 11651 | Lair:1   | Learned a level 3 spell: Ignite Poison
 11774 | Lair:1   | Identified the +6 morningstar "Quryupt" {holy, Int+4 SInv}
 11910 | Lair:1   | Identified the +1 whip "Grim" {drain, rN+++ Will- Int+6
                  | Stlth-}
 12174 | Lair:2   | Noticed a catoblepas
 12193 | Lair:2   | HP: 2/54 [catoblepas/blast of calcifying dust (2)]
 12195 | Lair:2   | Mangled by a catoblepas

Illustrated notes

Levels and vault maps discovered:
D:1:      amcnicky_arrival_single_pillar, layout_rooms,
          shapermc_ecumenical_altar_mp_ritualfount
D:2:      layout_basic
D:3:      layout_loops_cross, uniq_crazy_yiuf_cottage, uniq_jessica
D:4:      layout_basic, nemelex_dance_club_becter, minmay_temple_entry_hall,
          enter_ossuary_3, serial_bayou_ford_a,
          nicolae_shop_distant_corner_stores, nicolae_titane
D:5:      layout_rooms, mainiacjoe_overflow_catwalk
D:6:      layout_rooms, elyvilon_altar_1, hangedman_decor_clover_reticule,
          grunt_ministairs_6
D:7:      layout_loops_cross, chequers_serial_rivers_micro_b, minmay_door_square
D:8:      layout_cave_pools, hangedman_glass_garden, uniq_psyche, uniq_maggie
D:9:      layout_loops_corners, chequers_temple_overflow_statue_of_worship,
          orc_0_dummy, ebering_ghost_inner_flame
D:10:     layout_stronghold, nicolae_barding_shop
D:11:     layout_loops_corners, dpeg_lair_monsters,
          portal_ice_cave_demonic_guard, serial_aquarium, aquarium_bridge_square
          [aquarium_subvault_wall, aquarium_subvault_bridge,
          aquarium_subvault_wall, aquarium_subvault_bridge],
          aquarium_bridge_straight [aquarium_subvault_bridge,
          aquarium_subvault_wall, aquarium_subvault_bridge,
          aquarium_subvault_window], aquarium_window_2, aquarium_window_fake,
          aquarium_window_corner, aquarium_window_corridor_3, aquarium_view_2b,
          aquarium_view_2d, aquarium_balcony_1b, aquarium_pool_1
D:12:     layout_small_grid
Temple:   bh_familiar_temple
Lair:1:   layout_cellular_growth
Lair:2:   layout_roguey, patterned_corridor

Skill      XL: |  1  2  3  4  5  6  7  8  9 10 11 |
---------------+----------------------------------+-----
Dodging        | 3 4 5 6 7 9 10 11 | 11.8
Conjurations   | 2 3 4 5 6 8 9 10 | 10.6
Spellcasting   | 4 5 6 8 10 11 12 | 12.8
Fire Magic     | 4 5 6 7 8 9 11 | 11.1
Ice Magic      | 1 4 |  4.0
Stealth        | |  2.4

Action                     |  1- 3 |  4- 6 |  7- 9 | 10-12 || total
---------------------------+-------+-------+-------+-------++-------
  Melee: Staff             |       |       |     2 |       ||     2
   Cast: Foxfire           |    73 |   104 |    74 |    87 ||   338
         Scorch            |    13 |    39 |    72 |   101 ||   225
         Flame Wave        |       |     1 |    16 |    43 ||    60
         Frozen Ramparts   |       |       |       |    11 ||    11
         Blink             |       |       |       |     5 ||     5
         Mephitic Cloud    |       |       |       |     4 ||     4
    Use: Scroll            |       |       |    10 |     3 ||    13
         Potion            |       |       |       |     3 ||     3
 Armour: Robe              |     3 |     3 |     8 |    23 ||    37
  Dodge: Dodged            |    14 |    15 |    34 |    61 ||   124

Table legend: (Time is in decaauts)
 A = Elapsed time spent in this place.
 B = Non-inter-level travel time spent in this place.
 C = Inter-level travel time spent in this place.
 D = Time resting spent in this place.
 E = Time spent auto-exploring this place.
 F = Levels seen in this place.
 G = Mean time per level.
                   A        B        C        D        E       F      G
               +--------+--------+--------+--------+--------+-----+--------+
         Total |  12214 |  11508 |    706 |   1996 |   7457 |  16 |  763.4 |
       Dungeon |  10981 |  10322 |    659 |   1890 |   6606 |  12 |  915.1 |
        Temple |    200 |    188 |     12 |      0 |    172 |   1 |  200.0 |
          Lair |    800 |    765 |     35 |     89 |    568 |   2 |  400.0 |
       Ossuary |    231 |    231 |      0 |     17 |    111 |   1 |  231.0 |
               +--------+--------+--------+--------+--------+-----+--------+

Top non-repeatable levels by time:
    D:11: 1328 daAuts
     D:4: 1289 daAuts
     D:7: 1150 daAuts
     D:9: 1137 daAuts
    D:10: 911 daAuts
     D:3: 910 daAuts
     D:2: 890 daAuts
  Lair:1: 757 daAuts
    D:12: 747 daAuts
     D:5: 697 daAuts
     D:8: 676 daAuts
     D:1: 674 daAuts
     D:6: 570 daAuts
 Ossuary: 231 daAuts
  Temple: 200 daAuts
